AoeStats
← Salted Sugar

Arena

503994110Analyzed
3v3 RM · 1mo ago on Sep 3, 2026· 58m 8s· 6 players
Game mode
Random Map
Map size
Normal (6 player)
Population
200
Speed
Normal
Resources
Standard
Victory
Conquest
Starting age
Dark Age
Ending age
Imperial Age
RankedLock teamsTeams togetherTeam positionsShared explorationLock speedFull tech treeHidden civsTurbo modeCheats
Victory
Defeat
🇦🇺 Vietnamese · Australia
1030
+10
🇦🇺 Lithuanians · Australia
970
+13
🇦🇺 Romans · Australia
880
+17
🇹🇷 Turks · Türkiye
981
-16
🇨🇳 Goths · China
908
-14
🇦🇺 Portuguese · Australia
815
-10
maRtin993♪
10:21 Feudal Age
17:57 Castle Age
17:09 Forging
22:47 Double-Bit Axe
24:44 Town Watch
25:33 Horse Collar
27:24 Bow Saw
27:07 Loom
28:05 Squires
28:45 Anarchy
28:41 Stone Mining
29:12 Heavy Plow
31:10 Wheelbarrow
32:33 Scale Barding Armor
32:30 Scale Mail Armor
33:06 Iron Casting
36:08 Imperial Age
33:59 Caravan
34:34 Hand Cart
34:10 Pikeman
35:18 Chain Mail Armor
37:22 Perfusion
37:36 Gold Mining
38:24 Halberdier
44:58 Blast Furnace
44:00 Town Patrol
44:37 Stone Shaft Mining
Lyndizzle
11:17 Feudal Age
16:21 Castle Age
14:35 Double-Bit Axe
15:28 Horse Collar
23:38 Wheelbarrow
30:27 Imperial Age
28:29 Heavy Plow
29:44 Bow Saw
30:58 Hand Cart
30:39 Elite Skirmisher
30:41 Pikeman
33:24 Chemistry
33:32 Thumb Ring
32:48 Halberdier
34:03 Gold Mining
34:04 Stone Mining
35:34 Stone Mining
35:58 Murder Holes
36:16 Forging
40:34 Arquebus
41:45 Scale Mail Armor
42:22 Iron Casting
41:49 Padded Archer Armor
41:40 Fletching
45:58 Blast Furnace
45:14 Chain Mail Armor
45:39 Siege Engineers
45:51 Masonry
47:31 Ballistics
47:32 Bombard Tower
47:10 Bodkin Arrow
48:44 Bracer
49:00 Leather Archer Armor
yusufthegreat
0:30 Loom
12:18 Feudal Age
14:08 Wheelbarrow
17:42 Castle Age
19:01 Hand Cart
18:55 Horse Collar
19:04 Double-Bit Axe
30:56 Imperial Age
32:24 Bow Saw
32:16 Heavy Plow
33:47 Town Watch
34:38 Forging
34:28 Scale Mail Armor
34:36 Scale Barding Armor
34:22 Fletching
34:32 Padded Archer Armor
35:59 Bloodlines
35:49 Husbandry
37:10 Town Patrol
37:53 Iron Casting
37:38 Chain Barding Armor
37:14 Bodkin Arrow
37:34 Leather Archer Armor
37:51 Ballistics
37:43 Fortified Wall
38:57 Artillery
39:19 Conscription
39:45 Elite Janissary
40:22 Gold Mining
40:22 Stone Mining
47:12 Blast Furnace
46:47 Plate Barding Armor
46:54 Bracer
47:24 Ring Archer Armor
DisherSum
11:23 Feudal Age
15:39 Castle Age
14:01 Double-Bit Axe
20:53 Gold Mining
21:57 Husbandry
22:07 Scale Barding Armor
23:07 Stone Mining
22:58 Horse Collar
23:30 Bow Saw
23:11 Loom
24:19 Bloodlines
25:31 Wheelbarrow
25:44 Forging
33:06 Hand Cart
33:07 Heavy Plow
36:09 Imperial Age
34:30 Chain Barding Armor
34:45 Iron Casting
38:11 Plate Barding Armor
38:11 Iron Casting
37:27 Fletching
37:38 Padded Archer Armor
37:36 Cavalier
38:41 Conscription
39:34 Paladin
41:41 Chemistry
47:12 Scale Mail Armor
47:28 Leather Archer Armor
47:08 Bodkin Arrow
Salted Sugar
5:38 Loom
10:41 Feudal Age
17:49 Castle Age
16:36 Double-Bit Axe
16:34 Horse Collar
18:31 Man-at-Arms
19:11 Squires
19:26 Heavy Plow
19:19 Gold Mining
19:32 Long Swordsman
23:42 Bow Saw
24:50 Wheelbarrow
27:54 Forging
27:44 Scale Mail Armor
28:16 Stone Mining
29:10 Iron Casting
29:24 Ballistas
30:26 Gold Shaft Mining
30:22 Hand Cart
34:47 Imperial Age
32:32 Town Watch
35:14 Elite Centurion
36:28 Heavy Scorpion
37:12 Legionary
41:39 Chain Mail Armor
42:24 Blast Furnace
41:33 Scale Barding Armor
44:38 Town Patrol
49:02 Comitatenses
49:03 Conscription
49:06 Chain Barding Armor
49:00 Bloodlines
48:50 Husbandry
51:26 Plate Barding Armor
house
10:59 Feudal Age
15:17 Castle Age
13:18 Horse Collar
13:24 Double-Bit Axe
18:07 Bow Saw
17:58 Heavy Plow
21:47 Wheelbarrow
20:59 Loom
21:19 Fletching
21:30 Stone Mining
23:39 Hand Cart
24:48 Stone Shaft Mining
26:36 Ballistics
26:15 Bodkin Arrow
27:03 Padded Archer Armor
28:52 Leather Archer Armor
32:02 Imperial Age
30:28 Murder Holes
30:45 Fortified Wall
31:18 Gold Mining
33:50 Chemistry
33:00 Siege Engineers
34:48 Two-Man Saw
33:21 Elite Rattan Archer
34:45 Chatras
35:17 Bracer
37:30 Husbandry
37:09 Elite Battle Elephant
38:24 Forging
41:51 Paper Money
46:23 Ring Archer Armor
46:29 Iron Casting
45:54 Scale Mail Armor
46:02 Scale Barding Armor
51:48 Chain Barding Armor
Connection lost

Rejoining the realm…

Still unreachable

The connection could not be restored.

Session expired

The server has moved on; the page needs a fresh start.